 Dungeon Crawl Stone Soup version 0.30.1-3-gfc49f6343a (webtiles) character file.

Game seed: 1334048699211347187

15043 spardeous the Thaumaturge (level 11, -1/74 HPs)
             Began as a Demigod Conjurer on Aug 4, 2023.
             Slain by a tengu conjurer (6 damage)
             ... summoned by a boggart
             ... in a Gauntlet.
             The game lasted 00:31:50 (17909 turns).

spardeous the Thaumaturge (Demigod Conjurer)       Turns: 17909, Time: 00:31:51

Health: -1/74      AC: 11    Str: 16    XL:     11   Next: 65%
Magic:  25/31      EV:  9    Int: 30    God:
Gold:   542        SH:  0    Dex: 18    Spells: 19/32 levels left

rFire   + . .        J - +3 flail (holy)
rCold   . . .        s - +0 kite shield
rNeg    + . .        x - +3 ring mail {rN+}
rPois   .            q - +0 helmet
rElec   .            E - +0 cloak
rCorr   .            L - +1 pair of gloves
SInv    .            S - +1 pair of boots {rampage}
Will    +....        V - amulet of regeneration Stlth
                     g - +6 ring of intelligence
HPRegen 1.12/turn    a - +6 ring of dexterity
MPRegen 0.22/turn

%: no teleportation, rampage
@: confused, attractive, slowed, studying Axes, invisible, very slow
A: high MP 1, forlorn, divine attributes, deformed body, fire resistance 1
a: no special abilities


You were in a Gauntlet.
You visited 2 branches of the dungeon, and saw 13 of its levels.
You also visited: Ossuary and Gauntlet.

You collected 737 gold pieces.
You spent 195 gold pieces at shops.

Inventory:

Hand Weapons
 D - a +2 sling of electrocution
 J - a +3 flail of holy wrath (weapon)
Armour
 q - a +0 helmet (worn)
 s - a +0 kite shield (worn)
 t - a +1 leather armour of cold resistance
 x - a +3 ring mail of positive energy (worn)
 E - a +0 cloak (worn)
 L - a +1 pair of gloves (worn)
 S - a +1 pair of boots of rampaging (worn)
Jewellery
 a - a +6 ring of dexterity (right hand)
 g - a +6 ring of intelligence (left hand)
 k - a ring of willpower
 n - a +4 ring of slaying
 F - an amulet of the acrobat
 T - a ring of protection from fire
 V - an amulet of regeneration (around neck)
 Y - a +5 ring of evasion
Wands
 M - a wand of roots (2)
 N - a wand of flame (31)
 Q - a wand of polymorph (12)
 R - a wand of charming (10)
Scrolls
 c - 2 scrolls of blinking {unknown}
 e - 5 scrolls of fog {unknown}
 h - 8 scrolls of teleportation
 j - 2 scrolls of vulnerability {unknown}
 l - 4 scrolls of magic mapping {unknown}
 m - 3 scrolls of fear {unknown}
 o - 5 scrolls of amnesia
 w - a scroll of poison
 z - 4 scrolls of enchant armour {unknown}
 K - 4 scrolls of enchant weapon
 O - a scroll of butterflies
 P - a scroll of torment
Potions
 b - 3 potions of magic
 d - a potion of mutation
 f - 5 potions of attraction
 i - 3 potions of cancellation {unknown}
 p - 5 potions of might {unknown}
 r - a potion of brilliance
 v - 5 potions of heal wounds {unknown}
 A - 11 potions of curing {unknown}
 B - a potion of haste {unknown}
 C - 4 potions of degeneration {unknown}
 I - 4 potions of flight {unknown}
 U - a potion of ambrosia {unknown}
 W - 2 potions of lignification


   Skills:
 - Level 1.7 Dodging
 - Level 1.7 Stealth
 + Level 0.8 Shields
 - Level 11.4 Spellcasting
 - Level 9.1 Conjurations
 - Level 10.2 Translocations


You had 19 spell levels left.
You knew the following spells:

 Your Spells              Type           Power      Damage    Failure   Level
a - Magic Dart            Conj           100%       1d8       1%          1
b - Searing Ray           Conj           100%       2d8       1%          2
c - Iskenderun's Mystic   Conj/Tloc      66%        2d14      3%          4
d - Iron Shot             Conj/Erth      22%        9d5       99%         6

Your spell library contained the following spells:

 Spells                   Type           Power      Damage    Failure   Level
 Passage of Golubria      Tloc           68%        N/A       2%          4
 Portal Projectile        Hex/Tloc       96%        N/A       7%          3
 Volatile Blastmotes      Fire/Tloc      96%        2d18      7%          3
 Dazzling Flash           Conj/Hex       88%        N/A       9%          3
 Hailstorm                Conj/Ice       44%        3d10      9%          3
 Mephitic Cloud           Conj/Pois/Air  35%        N/A       17%         3
 Freeze                   Ice            68%        1d8       19%         1
 Sting                    Tmut/Pois      68%        1d6       19%         1
 Poisonous Vapours        Pois/Air       34%        N/A       28%         2
 Flame Wave               Conj/Fire      44%        2d11      28%         4
 Fulminant Prism          Conj/Hex       22%        3d12      28%         4
 Sticky Flame             Conj/Fire      44%        2d6       28%         4
 Frozen Ramparts          Ice            34%        1d6       50%         3
 Inner Flame              Hex/Fire       17%        N/A       50%         3
 Tukima's Dance           Hex            17%        N/A       50%         3
 Freezing Cloud           Conj/Ice/Air   17%        6-21      83%         5
 Ice Form                 Ice/Tmut       17%        N/A       88%         4
 Olgreb's Toxic Radiance  Pois           17%        N/A       88%         4
 Orb of Destruction       Conj           32%        9d10      98%         7
 Agony                    Necr           17%        N/A       99%         5
 Blade Hands              Tmut           8%         N/A       99%         5
 Silence                  Hex/Air        8%         N/A       99%         5
 Yara's Violent Unravell  Hex/Tmut       8%         3d5       99%         5
 Starburst                Conj/Fire      22%        6d7       99%         6
 Simulacrum               Ice/Necr       8%         N/A       100%        6


Dungeon Overview and Level Annotations

Branches:
Dungeon (12/15)            Temple (0/1) D:5            Lair (1/5) D:11
    Orc (0/2) D:11        Ossuary (visited)         Gauntlet (1/1)

Shops:
D:4 *   D:10 *   D:11 (

Annotations:
Gauntlet 17 transporters


Innate Abilities, Weirdness & Mutations

You have an increased reservoir of magic. (+10% MP)
You shall have no god before yourself.
Your divine heritage dramatically boosts your attributes as you level up.
Armour fits poorly on your strangely shaped body.
Your flesh is heat resistant. (rF+)


Message History

The tengu conjurer closely misses you.
The tengu conjurer claws you but does no damage.
The tengu conjurer hits you!
The tengu conjurer pecks you but does no damage.
The tengu conjurer claws you but does no damage.
The tengu conjurer hits you but does no damage.
The tengu conjurer pecks you but does no damage.
The tengu conjurer claws you.
You take 8 damage, and have 44/74 hp.
You feel less confused.
The tengu conjurer shouts!
You block the worldbinder's attack. The worldbinder barely misses you.
You block the tengu conjurer's attack.
The tengu conjurer pecks you but does no damage.
The tengu conjurer claws you.
The golden eye blinks!
The deep elf knight hits you with a +0 long sword!
* * * LOW HITPOINT WARNING * * *
The worldbinder hits you but does no damage.
The worldbinder hits you.
* * * LOW HITPOINT WARNING * * *
The tengu conjurer hits you but does no damage.
The tengu conjurer barely misses you.
The tengu conjurer claws you but does no damage.
The tengu conjurer hits you.
* * * LOW HITPOINT WARNING * * *
You block the tengu conjurer's attack.
The tengu conjurer claws you but does no damage.
The deep elf knight hits you with a +0 long sword!!
* * * LOW HITPOINT WARNING * * *
You take 41 damage, and have 3/74 hp.
MASSIVE DAMAGE!!
It was a potion of attraction.
You feel attractive to monsters.
The deep elf knight disappears in a puff of smoke!
The worldbinder calls forth creatures from the Elven Halls!
You block the tengu conjurer's attack. The tengu conjurer closely misses you.
The tengu conjurer claws you but does no damage.
The golden eye blinks at you.
You are confused.
The tengu conjurer hits you.
You die...

##### #######################
#≈§8≈≈#©.........©.........©#≈≈8≈
##### ###########################
#..... ...#.#.≈..©!≈.(#.#....#..#
#..##.# ..#.#.≈.≈...≈.#.#...#..#.
#|##...##.#.#..≈...*≈.#.#..#..#..
#$#.....#.#.#.≈g≈≈≈.≈.#.#.#..#..#
#©...©...Q#.#≈G*≈§≈..≈#.##.©#..#.
#.#.....#Q#.#.eQ@e.≈.≈#.#.#..#..#
#.##...##.#.#.≈Qx≈≈.≈.#.#..#..#..
#..##.##..#.#.≈ee≈..≈.#.#g..#..#.
#.......Q.#.#.≈.w.≈≈..#.#x...#..#
###########.###########.#########
.................©...............
.................................
################.∩.##############
# #8# #8# #8# #...# #8# #8# #8#


You could see a tengu warrior (unable to see you), a torpor snail (summoned,
unable to see you), a deep elf knight (summoned, expiring, unable to see you), 2
deep elf pyromancers, a worldbinder (unable to see you), a deep elf zephyrmancer
(summoned, wandering, unable to see you), 3 tengu conjurers, a boggart, 2
battlespheres and a golden eye (summoned).

Vanquished Creatures
  A two-headed ogre (D:12)
  Pikel (D:5)
  A deep elf pyromancer (D:12)
  An ugly thing (D:12)
  A cyclops (D:11)
  A manticore (D:11)
  A gargoyle (D:8)
  An eye of devastation (D:11)
  2 komodo dragons
  2 cane toads (Lair:1)
  A kobold demonologist (D:11)
  4 trolls
  9 slime creatures (D:12)
  13 yaks
  2 wraiths
  A wyvern (D:9)
  3 vampire mosquitoes (D:11)
  4 acid dragons
  Edmund (D:6)
  5 orc warriors
  2 water moccasins (Lair:1)
  An ice beast (D:6)
  2 black bears
  2 ogres
  2 boggarts (Gauntlet)
  3 centaurs
  A phantom (D:5)
  2 lemures (D:5)
  6 elf zombies (Ossuary)
  7 bullfrogs
  A gnoll sergeant (D:10)
  3 scorpions
  7 wights
  8 killer bees (D:9)
  2 electric eels
  7 howler monkeys
  A vampire bat (D:12)
  4 centaur zombies (Ossuary)
  2 jellies
  2 human zombies (Ossuary)
  4 orc priests
  A gnoll bouda (D:10)
  2 hounds
  Crazy Yiuf (D:2)
  2 iguanas
  10 orc wizards
  A sleepcap (D:3)
  4 mummies
  Robin (D:2)
  8 gnolls (D:10)
  8 adders
  A shadow imp (D:6)
  A white imp (D:8)
  A howler monkey simulacrum (D:9)
  A worm (D:2)
  2 dart slugs
  52 orcs
  4 bats
  3 bat skeletons (D:12)
  2 bat zombies (D:12)
  6 endoplasms
  2 giant cockroaches (D:1)
  14 goblins
  14 hobgoblins
  3 jackals (D:1)
  6 quokkas
  3 ball pythons
  2 frilled lizards (D:1)
  4 kobolds
  7 rats
290 creatures vanquished.

Notes
Turn   | Place    | Note
-------+----------+-------------------------------------------
     0 | D:1      | spardeous the Demigod Conjurer began the quest for the Orb.
     0 | D:1      | Reached XP level 1. HP: 14/14 MP: 5/5
   147 | D:1      | Reached skill level 2 in Spellcasting
   287 | D:1      | Reached XP level 2. HP: 20/20 MP: 3/7
  1257 | D:2      | Reached XP level 3. HP: 22/26 MP: 1/9
  1442 | D:2      | Learned a level 2 spell: Searing Ray
  1451 | D:2      | Noticed Robin
  1536 | D:2      | Killed Robin
  1668 | D:2      | Reached XP level 4. HP: 33/33 MP: 8/11
  1700 | D:2      | Reached skill level 3 in Spellcasting
  2052 | D:2      | Found a runed translucent door.
  2053 | D:2      | Noticed Crazy Yiuf
  2094 | D:2      | Learned a level 4 spell: Iskenderun's Mystic Blast
  2734 | D:4      | Reached skill level 5 in Conjurations
  2844 | D:4      | Reached XP level 5. HP: 38/38 MP: 6/12
  3335 | D:4      | Found Nyas's Fire Supplies.
  3714 | D:2      | Killed Crazy Yiuf
  3772 | D:5      | Entered Level 5 of the Dungeon
  3791 | D:5      | Reached XP level 6. HP: 38/45 MP: 4/13
  3986 | D:5      | Found a staircase to the Ecumenical Temple.
  3992 | D:5      | Noticed Pikel
  4580 | D:5      | Killed Pikel
  4581 | D:5      | Reached XP level 7. HP: 46/50 MP: 2/14
  4923 | D:6      | Noticed Edmund
  4930 | D:6      | Killed Edmund
  5343 | D:5      | Reached XP level 8. HP: 31/57 MP: 10/16
  5622 | D:6      | Reached skill level 4 in Spellcasting
  5795 | D:6      | Reached skill level 5 in Spellcasting
  5973 | D:6      | Reached skill level 6 in Spellcasting
  7128 | D:7      | Reached skill level 1 in Translocations
  7231 | D:7      | Noticed a troll
  7242 | D:7      | Killed a troll
  7243 | D:7      | Reached XP level 9. HP: 47/62 MP: 9/23
  7543 | D:7      | Reached skill level 7 in Spellcasting
  8196 | D:8      | Got Sif Muna's Elucidation of the Fifth Circle
  8239 | D:8      | Noticed a gargoyle
  8254 | D:8      | Killed a gargoyle
  8276 | D:8      | Found a sand-covered staircase.
  8332 | Ossuary  | Entered an ossuary
  8654 | Ossuary  | Reached skill level 8 in Spellcasting
  8936 | D:8      | Reached skill level 5 in Translocations
  9961 | D:9      | Reached XP level 10. HP: 65/69 MP: 10/26
 10751 | D:9      | Reached skill level 9 in Spellcasting
 10900 | D:10     | Entered Level 10 of the Dungeon
 10911 | D:10     | Found Buit's General Store.
 11114 | D:10     | Bought a potion of mutation for 120 gold pieces
 11114 | D:10     | Bought a potion of lignification for 45 gold pieces
 11114 | D:10     | Bought a scroll of identify for 30 gold pieces
 12266 | D:10     | Gained mutation: You are agile. (Dex +4, Str/Int -1)
                  | [potion of mutation]
 12266 | D:10     | Gained mutation: Your spells are a little easier to cast,
                  | but a little less powerful. [potion of mutation]
 12267 | D:10     | Lost mutation: You are agile. (Dex +4, Str/Int -1) [potion
                  | of mutation]
 12267 | D:10     | Lost mutation: Your spells are a little easier to cast, but
                  | a little less powerful. [potion of mutation]
 12267 | D:10     | Gained mutation: You passively dampen the noise of your
                  | surroundings. [potion of mutation]
 12268 | D:10     | Lost mutation: You passively dampen the noise of your
                  | surroundings. [potion of mutation]
 12268 | D:10     | Gained mutation: Your body sometimes deteriorates upon
                  | taking damage. [potion of mutation]
 12268 | D:10     | Gained mutation: Armour fits poorly on your strangely
                  | shaped body. [potion of mutation]
 12268 | D:10     | Gained mutation: You have a pair of small horns on your
                  | head. [potion of mutation]
 12269 | D:10     | Lost mutation: Your body sometimes deteriorates upon taking
                  | damage. [potion of mutation]
 12269 | D:10     | Lost mutation: You have a pair of small horns on your head.
                  | [potion of mutation]
 12269 | D:10     | Gained mutation: Your flesh is heat resistant. (rF+)
                  | [potion of mutation]
 12515 | D:11     | Found a staircase to the Orcish Mines.
 12824 | D:11     | Noticed a boulder beetle
 12967 | D:11     | Found Pups's Antique Weapon Boutique.
 13105 | D:11     | Noticed a manticore
 13111 | D:11     | Killed a manticore
 13112 | D:11     | Reached skill level 10 in Spellcasting
 13523 | D:11     | Found a staircase to the Lair.
 13567 | D:11     | Noticed a cyclops
 13577 | D:11     | Killed a cyclops
 13578 | D:11     | Reached XP level 11. HP: 74/74 MP: 3/29
 14457 | D:11     | a boulder beetle changed into an eye of devastation
 15078 | D:10     | Learned a level 6 spell: Iron Shot
 16273 | D:12     | Noticed a two-headed ogre
 16283 | D:12     | Killed a two-headed ogre
 16361 | D:12     | Noticed a deep elf pyromancer
 16371 | D:12     | Killed a deep elf pyromancer
 16372 | D:12     | Reached skill level 11 in Spellcasting
 16938 | D:12     | Reached skill level 10 in Translocations
 17247 | Lair:1   | Entered Level 1 of the Lair of Beasts
 17321 | Lair:1   | Found a gate leading to a gauntlet.
 17421 | Gauntlet | Entered a Gauntlet
 17421 | Gauntlet | Found a transporter.
 17501 | Gauntlet | Found a transporter.
 17514 | Gauntlet | Found a transporter.
 17516 | Gauntlet | Noticed a sixfirhy
 17516 | Gauntlet | Noticed a sixfirhy
 17518 | Gauntlet | Noticed a sixfirhy
 17519 | Gauntlet | Found a transporter.
 17524 | Gauntlet | Noticed a green death
 17536 | Gauntlet | Found a transporter.
 17554 | Gauntlet | Found a transporter.
 17566 | Gauntlet | Found a transporter.
 17577 | Gauntlet | Noticed a glowing orange brain
 17578 | Gauntlet | Found a transporter.
 17587 | Gauntlet | Noticed a sixfirhy
 17588 | Gauntlet | Noticed a sixfirhy
 17589 | Gauntlet | Noticed a sixfirhy
 17590 | Gauntlet | Found a transporter.
 17596 | Gauntlet | Found a transporter.
 17596 | Gauntlet | Found a transporter.
 17611 | Gauntlet | Found a transporter.
 17614 | Gauntlet | Noticed a green death
 17628 | Gauntlet | Found a transporter.
 17648 | Gauntlet | Found a transporter.
 17648 | Gauntlet | Noticed a tengu warrior
 17673 | Gauntlet | Found a transporter.
 17675 | Gauntlet | Found a transporter.
 17695 | Gauntlet | Found a transporter.
 17775 | Gauntlet | Found a transporter.
 17902 | Gauntlet | Noticed a deep elf knight
 17907 | Gauntlet | Noticed a deep elf pyromancer
 17907 | Gauntlet | Noticed a deep elf knight
 17907 | Gauntlet | Noticed a deep elf knight
 17908 | Gauntlet | HP: 3/74 [deep elf knight/+0 long sword[a worldbinder]
                  | (18)]
 17909 | Gauntlet | Slain by a tengu conjurer

Illustrated notes

Levels and vault maps discovered:
D:1:      minmay_arrival_doors, layout_loops_ring, dreamdust_princess_corridor
D:2:      layout_rooms, uniq_crazy_yiuf_cottage, uniq_robin
D:3:      layout_rooms, kennysheep_generic_room_4
D:4:      layout_cave_pools, gammafunk_temple_overflow_forgotten,
          nicolae_shop_fire_sale [nicolae_sub_dead_trees], supply_closet_lemuel
D:5:      layout_basic, mainiacjoe_overflow_six_doors_small,
          lemuel_coloured_pillars_altar, minmay_temple_entry_waves, uniq_pikel
D:6:      layout_loops_ring, minivault_24, uniq_edmund
D:7:      layout_basic, kennysheep_mini, mainiacjoe_overflow_surrounded_room,
          lemuel_flame_loot_1
D:8:      layout_loops_ring, minitemple, enter_ossuary_1, minmay_misc_feat_chi,
          nicolae_sextant
D:9:      layout_big_octagon, kennysheep_island_fort
D:10:     layout_gridville, nicolae_hepliaklqana_hippocampus,
          nicolae_sif_muna_little_library, serial_shops, nicolae_shop_tiny_glass
D:11:     minmay_inner_zag, layout_gridville, hiddenorc2_lemuel, serial_shops,
          shop, slow_altar_2
D:12:     layout_loops_ring, dreamdust_princess_bridge,
          kennysheep_vampire_church
Lair:1:   layout_long_grid, gauntlet_entry_generic, wad_woods_river_03,
          infiniplex_staircase_pool
Gauntlet: gammafunk_gauntlet_one_two_three [nicolae_gauntlet_arena_flowing_pool,
          gammafunk_gauntlet_arena_split_diamond,
          gammafunk_gauntlet_arena_arrow_garden, nicolae_gauntlet_arena_x,
          nicolae_gauntlet_arena_grate_2, nicolae_gauntlet_arena_t_cross,
          gammafunk_gauntlet_arena_corners, nicolae_gauntlet_arena_quarters,
          nicolae_gauntlet_arena_blocks, gauntlet_exit_green]

Skill      XL: |  1  2  3  4  5  6  7  8  9 10 11 |
---------------+----------------------------------+-----
Spellcasting   | 2 3 6 8 10 11 | 11.4
Conjurations   | 4 5 6 8 9 |  9.1
Translocations | 2 6 8 10 | 10.2
Dodging        | |  1.7
Stealth        | |  1.7
Shields        | |  0.8

Action                     |  1- 3 |  4- 6 |  7- 9 | 10-12 || total
---------------------------+-------+-------+-------+-------++-------
  Melee: Unarmed           |     3 |     5 |       |       ||     8
         Flail             |       |       |    18 |    41 ||    59
         Punch             |       |       |     1 |       ||     1
   Fire: Sling             |       |     2 |       |       ||     2
   Cast: Magic Dart        |    70 |   103 |    98 |    32 ||   303
         Searing Ray       |     2 |    14 |    50 |    14 ||    80
         Iskenderun's Myst |       |       |    12 |   192 ||   204
  Evoke: Wand              |       |       |       |     1 ||     1
    Use: Scroll            |       |       |       |    11 ||    11
         Potion            |       |       |       |     6 ||     6
 Armour: Robe              |     8 |       |       |       ||     8
         Ring mail         |       |    27 |    63 |    66 ||   156
  Dodge: Dodged            |    23 |    41 |   154 |    83 ||   301
  Block: Kite shield       |       |       |       |    22 ||    22
